 Dungeon Crawl Stone Soup version 0.24.1 (webtiles) character file.

Game seed: 14168387533424864180, levelgen mode: deterministic

70 Descartes the Vexing (level 4, -10/18 HPs)
             Began as a Felid Enchanter on Mar 24, 2020.
             Killed by divine providence
             ... invoked by an orc priest
              (13 damage)
             ... on level 2 of the Dungeon.
             The game lasted 00:10:06 (3709 turns).

Descartes the Vexing (Felid Enchanter)              Turns: 3709, Time: 00:10:07

Health: -10/18     AC:  1    Str:  5    XL:     4   Next: 4%
Magic:  17/17      EV: 18    Int: 16    God:
Gold:   128        SH:  0    Dex: 17    Spells: 2/7 levels left
                                        Lives:  0   Deaths: 1

rFire    . . .     SeeInvis +     - Unarmed
rCold    . . .     Gourm    .   (shield unavailable)
rNeg     . . .     Faith    .   (armour unavailable)
rPois    .         Spirit   .   (helmet unavailable)
rElec    .         Reflect  .   (cloak unavailable)
rCorr    .         Harm     .   (gloves unavailable)
MR       .....                  (boots unavailable)
Stlth    +++.......             (no amulet)
HPRegen  0.06/turn              g - ring of magical power
MPRegen  0.15/turn              r - ring of attention (curse)

@: quick
A: very small, no armour, no weapons or thrown items, stealth, claws 1, fangs 3,
see invisible, carnivore, speed 1, shaggy fur 1, slow metabolism 1, sharp paws
a: no special abilities


You were on level 2 of the Dungeon.
You were not hungry.

You visited 1 branch of the dungeon, and saw 3 of its levels.

You collected 128 gold pieces.

Inventory:

Missiles
 d - 72 stones
 k - 65 arrows
Jewellery
 g - a ring of magical power (left paw)
 n - an uncursed ring of protection from magic
 r - a cursed ring of attention (right paw)
Wands
 p - a wand of random effects (16)
Scrolls
 a - 3 scrolls of teleportation
 c - a scroll of magic mapping
 f - a scroll of fear
 i - 2 scrolls of identify {unknown}
 j - a scroll of random uselessness {unknown}
 l - a scroll of immolation {unknown}
Potions
 o - a potion of heal wounds {unknown}
 q - 2 potions of lignification {unknown}
Comestibles
 b - 5 rations


   Skills:
 + Level 3.3 Dodging
 * Level 5.3 Stealth
 * Level 2.3 Unarmed Combat
 + Level 2.4 Spellcasting
 * Level 5.6 Hexes
 * Level 1.3 Translocations


You had 2 spell levels left.
You knew the following spells:

 Your Spells              Type           Power        Failure   Level  Hunger
b - Blink                 Tloc           N/A          17%         2    ###....
c - Dazzling Spray        Conj/Hex       ##....       19%         3    ###....

Your spell library contained the following spells:

 Spells                   Type           Power        Failure   Level  Hunger
 Corona                   Hex            ###....      1%          1    #......
 Slow                     Hex            ###.....     3%          2    ###....
 Ensorcelled Hibernation  Hex/Ice        ##....       10%         2    ###....
 Magic Dart               Conj           #...         21%         1    #......
 Call Imp                 Summ           #.......     30%         2    ###....
 Confuse                  Hex            ###.....     6%          3    ###....
 Tukima's Dance           Hex            ###.....     6%          3    ###....
 Conjure Flame            Conj/Fire      #.......     52%         3    ###....
 Mephitic Cloud           Conj/Pois/Air  #.......     52%         3    ###....


Dungeon Overview and Level Annotations

Branches:
Dungeon (3/15)

Altars:


Innate Abilities, Weirdness & Mutations

You cannot wear armour.
You are incapable of wielding weapons or throwing items.
Your paws allow you to move quietly. (Stealth)
You have sharp claws.
You have razor-sharp teeth.
You have supernaturally acute eyesight. (SInv)
You are carnivorous and can eat meat at any time.
You cover ground quickly.
You are covered in fur. (AC +1)
You have a slow metabolism.
Your sharp claws are effective at attacking unaware monsters.


Message History

You are now level 4!
You rejoin the land of the living...
Eating a chunk of flesh.
You eat the chunk of flesh.
This raw flesh tastes great.
There is an open door here.
You open the door.
There is an open door here.
The orc priest is too close now for your liking.
The orc priest invokes the aid of Beogh against you.
Beogh smites you!
Ouch! That really hurt!
* * * LOW HITPOINT WARNING * * *
You are too injured to fight recklessly!
You are too injured to fight recklessly!
You are too injured to fight recklessly!
You are too injured to fight recklessly!
The orc priest calls down the wrath of Beogh upon you.
Beogh smites you!
Ouch! That really hurt!
You die...

#....#.# #.###.#######
#....+.# #.#......#
#....######.#.#[##.#
#.........#.#.#.)#>#
#..[......#.#.##'#.####
####.........#.#.#........
#..'.........#.#.#...#####
#.##.........#.#.#...+..#
#.##.....@.o.........##.##
###'###'#'####.#.#..........
#.....#.#.# ###.#......#.#.
#.....#.#)######.#......#.#.
#....<'.#........#........#.
#.....############..#+#..###
#.....'......)).....#.......
##.....#############.####..#+
#..)...# #.........


You could see an orc priest.

Vanquished Creatures
  Ijyb (D:3)
  A hound zombie (D:2)
  An adder (D:2)
  2 oozes (D:1)
  5 worms
  2 dart slugs (D:1)
  3 leopard geckos (D:2)
  An orc (D:2)
  2 giant cockroaches
  9 hobgoblins
  6 jackals
  11 kobolds
  6 bats
  5 frilled lizards (D:1)
  3 goblins
  8 rats
66 creatures vanquished.

Notes
Turn   | Place    | Note
-------+----------+-------------------------------------------
     0 | D:1      | Descartes the Felid Enchanter began the quest for the Orb.
     0 | D:1      | Reached XP level 1. HP: 7/7 MP: 4/4
   307 | D:1      | Reached XP level 2. HP: 4/11 MP: 6/6
   956 | D:1      | Reached XP level 3. HP: 12/14 MP: 7/7
  1065 | D:1      | Reached skill level 5 in Hexes
  1716 | D:2      | Reached skill level 5 in Stealth
  1773 | D:2      | Reached XP level 4. HP: 5/18 MP: 8/8
  2182 | D:2      | Learned a level 2 spell: Blink
  2355 | D:2      | Learned a level 3 spell: Dazzling Spray
  3147 | D:3      | Noticed Ijyb
  3175 | D:3      | Killed Ijyb
  3311 | D:3      | Reached skill level 1 in Translocations
  3311 | D:3      | Reached XP level 5. HP: 15/21 MP: 9/9
  3681 | D:2      | Killed from afar by an orc priest
  3682 | D:2      | Reached XP level 4. HP: -4/18 MP: 17/17
  3709 | D:2      | Killed from afar by an orc priest

Levels and vault maps discovered:
D:1:      lemuel_arrival_lava_pool, layout_rooms
D:2:      layout_basic, first_ration
D:3:      layout_rooms, gammafunk_temple_overflow_elements,
          lemuel_crystal_altar, uniq_ijyb

Skill      XL: |  1  2  3  4 |
---------------+-------------+-----
Dodging        | 3 |  3.3
Hexes          | 5 |  5.6
Stealth        | 5 |  5.3
Unarmed Combat | 2 |  2.3
Translocations | 1 |  1.3
Spellcasting   | |  2.4

Action                   |  1- 3 |  4- 6 || total
-------------------------+-------+-------++-------
Melee: Unarmed           |   141 |   152 ||   293
       Bite              |    13 |     5 ||    18
 Cast: Dazzling Spray    |       |     3 ||     3
  Use: Scroll            |       |     5 ||     5
       Potion            |       |     1 ||     1
 Stab: Sleeping          |    16 |     7 ||    23
       Invisible         |       |     2 ||     2
  Eat: Chunk             |     9 |     5 ||    14
Armor: Skin              |    19 |    13 ||    32
Dodge: Dodged            |   128 |   150 ||   278
